 Dungeon Crawl Stone Soup version 0.17.2-1-ge4368a0 (webtiles) character file.

119 Goblin1989 the Cudgeler (level 4, -1/33 HPs)
             Began as a Demonspawn Artificer on Nov 9, 2016.
             Slain by Sigmund the wolf (5 damage)
             ... on level 3 of the Dungeon.
             The game lasted 00:08:21 (3650 turns).

Goblin1989 the Cudgeler (Demonspawn Artificer)      Turns: 3650, Time: 00:08:23

Health: -1/33      AC:  5    Str: 13      XL:     4   Next: 73%
Magic:  5/5        EV: 10    Int: 13      God:
Gold:   163        SH:  0    Dex:  9 (11) Spells: 0 memorised, 3 levels left

rFire  . . .     SeeInvis .     j - +0 whip
rCold  + . .     Clarity  .     d - +0 ring mail (curse)
rNeg   + . .     SustAt   .     (no shield)
rPois  .         Gourm    .     (no helmet)
rElec  .         Spirit   .     (no cloak)
rCorr  .         Warding  +     (no gloves)
rMut   .         Stasis   .     (no boots)
MR     .....                    l - amulet of warding
Stlth  +.........               (no ring)
                                (no ring)

@: lethally poisoned (-1 -> -15), not resistant to hostile enchantments, very
unstealthy
A: talons 2, blink, clumsy 1, cold resistance 1, low mp 1
a: Blink


You were on level 3 of the Dungeon.
You were not hungry.

You visited 1 branch of the dungeon, and saw 3 of its levels.

You collected 163 gold pieces.

Inventory:

Hand Weapons
 j - a +0 whip (weapon)
Armour
 d - a cursed +0 ring mail (worn)
 i - a cursed +0 ring mail
Jewellery
 b - an uncursed amulet of resist mutation {unknown}
 l - an amulet of warding (around neck)
Wands
 c - a wand of flame (11)
 e - a wand of random effects (10)
 E - a wand of enslavement (13)
Scrolls
 h - a scroll of remove curse {unknown}
 k - a scroll of enchant weapon {unknown}
 n - a scroll of recharging {unknown}
 q - 3 scrolls of enchant armour {unknown}
Potions
 g - a potion of haste {unknown}
Books
 a - a Young Poisoner's Handbook

   Spells                             Type                      Level
   a - Sting                          Conjuration/Poison           1
   b - Cure Poison                    Poison                       2
   c - Mephitic Cloud                 Conjuration/Poison/Air       3
   d - Olgreb's Toxic Radiance        Poison                       4
   e - Venom Bolt                     Conjuration/Poison           5
Comestibles
 f - 5 bread rations {@e1}
 m - 4 chunks of flesh {@w0}
 r - a beef jerky


   Skills:
 - Level 2.0 Fighting
   Level 0.8 Short Blades
 + Level 3.6 Maces & Flails
 - Level 1.7 Dodging
 - Level 0.8 Stealth
 - Level 3.0 Evocations


You had 3 spell levels left.
You didn't know any spells.

Dungeon Overview and Level Annotations

Branches:
Dungeon (3/15)

Altars:
Sif Muna
The Shining One

Annotations:
D:3 Sigmund


Innate Abilities, Weirdness & Mutations

You have razor-sharp toenails.
Your flesh is cold resistant.
You can translocate small distances at will.
You are clumsy. (Dex -2)
Your magical capacity is low (-10% MP).


Message History

You take 10 damage, and have 10/33 hp.
MASSIVE DAMAGE!!
You hit Sigmund.
Sigmund is lightly wounded.
* * * LOW HITPOINT WARNING * * *
You feel sick. Sigmund bites you but does no damage. Sigmund bites you.
* * * LOW HITPOINT WARNING * * *
You take 3 damage, and have 7/33 hp.
You barely miss Sigmund. You claw Sigmund, but do no damage.
Sigmund is lightly wounded.
* * * LOW HITPOINT WARNING * * *
You feel sick. Sigmund closely misses you.
You take 1 damage, and have 6/33 hp.
Drink which item? (? for menu, Esc to quit)
It was a potion of mutation.
You feel extremely strange.
You feel less energetic.
You feel jittery.
You feel clumsy.
* * * LOW HITPOINT WARNING * * *
You feel sick. Sigmund bites you.
* * * LOW HITPOINT WARNING * * *
Sigmund bites you.
You die...

█.█ █)█ █.......█
███.█████.███.████.██
█.............█ █.█
█.█.......███.████.█
█.██████...........█
██████.███
██.███.██████
█....)...█ █.█ █....█
█.██████.█████.████████
█.█ █..@h)..... █.█
█.████..███ █.█
███)...█..█ ███████.██
█...██.█...
.........███....█.█..█
██████.█......⌂......█
█.██.█.█....█████
██.██.█.██...█
█.....█....███


You could see Sigmund the wolf.

Vanquished Creatures
  5 adders
  3 worms
  6 orcs (D:3)
  2 ball pythons (D:2)
  6 bats
  3 giant cockroaches
  3 hobgoblins
  6 kobolds
  A giant gecko (D:2)
  3 giant newts
  6 goblins
  2 rats
46 creatures vanquished.

Vanquished Creatures (collateral kills)
  A gnoll (D:3)
  An orc (D:3)
2 creatures vanquished.

Vanquished Creatures (others)
  An adder (D:2)
  An orc (D:3)
2 creatures vanquished.

Grand Total: 50 creatures vanquished

Notes
Turn   | Place    | Note
--------------------------------------------------------------
     0 | D:1      | Goblin1989 the Demonspawn Artificer began the quest for the Orb.
     0 | D:1      | Reached XP level 1. HP: 15/15 MP: 3/3
   700 | D:2      | Gained mutation: You have sharp toenails. [demonic ancestry]
   700 | D:2      | Reached XP level 2. HP: 5/22 MP: 4/4
  1081 | D:2      | Found a deep blue altar of Sif Muna.
  1121 | D:2      | Reached skill level 1 in Maces & Flails
  1820 | D:2      | HP: 1/22 [poisoned by an adder]
  1831 | D:2      | Gained mutation: Your flesh is cold resistant. [demonic ancestry]
  1831 | D:2      | Reached XP level 3. HP: 22/27 MP: 5/5
  2682 | D:2      | Gained mutation: You have razor-sharp toenails. [demonic ancestry]
  2682 | D:2      | Reached XP level 4. HP: 33/33 MP: 6/6
  3430 | D:3      | Found a glowing golden altar of the Shining One.
  3642 | D:3      | Noticed Sigmund
  3646 | D:3      | Noticed Sigmund
  3646 | D:3      | Sigmund changed into Sigmund the wolf
  3650 | D:3      | Gained mutation: Your magical capacity is low (-10% MP). [potion of mutation]
  3650 | D:3      | Gained mutation: You can translocate small distances at will. [potion of mutation]
  3650 | D:3      | Gained mutation: You are clumsy. (Dex -2) [potion of mutation]
  3650 | D:3      | Slain by Sigmund the wolf

Action                   |  1- 3 |  4- 6 || total
-------------------------+-------+-------++-------
Melee: Short sword       |    31 |       ||    31
       Whip              |   136 |   101 ||   237
Evoke: Wand              |     4 |     7 ||    11
  Use: Potion            |     6 |     1 ||     7
  Eat: Chunk             |     6 |     3 ||     9

Vault maps used:
D:1:      co_arrival_square_in_a_square_in_a_square
D:2:      lemuel_doored_altar, first_bread
D:3:      marbit_many_paths, lemuel_round_altar, nicolae_overflow_crystal_walls,
          guppyfry_early_lair_pool, uniq_jessica, uniq_sigmund
